 Dungeon Crawl Stone Soup version 0.25-a0-591-g2ad0d861f1 (webtiles) character file.

Game seed: 838314201849527043, levelgen mode: deterministic

5545 Esekla the Nimble (level 10, 0/44 HPs)
             Began as a Spriggan Artificer on Mar 14, 2020.
             Was an Initiate of Gozag.
             Slain by a komodo dragon (27 damage)
             ... on level 1 of the Lair of Beasts.
             The game lasted 01:09:44 (10096 turns).

Esekla the Nimble (Spriggan Artificer)             Turns: 10096, Time: 01:09:58

Health: 0/44       AC:  3    Str:  8    XL:     10   Next: 43%
Magic:  18/30      EV: 25    Int: 16    God:    Gozag
Gold:   461        SH:  0    Dex: 17    Spells: 13/23 levels left

rFire    . . .     SeeInvis +   e - +4 dagger (elec)
rCold    . . .     Gourm    .   (shield restricted)
rNeg     . . .     Faith    .   u - +0 robe (curse)
rPois    +         Spirit   .   (helmet restricted)
rElec    .         Reflect  .   t - +0 cloak {rPois}
rCorr    .         Harm     .   (gloves unavailable)
MR       +....                  (boots unavailable)
Stlth    ++++......             (no amulet)
HPRegen  0.14/turn              E - +5 ring of slaying
MPRegen  0.22/turn              K - ring of magical power

@: gold aura, very slightly contaminated, very quick
A: very small, unfitting armour, see invisible, herbivore, speed 3, slow
metabolism 2
a: Potion Petition, Call Merchant, Bribe Branch, Renounce Religion


You were on level 1 of the Lair of Beasts.
You worshipped Gozag.
Gozag was aware of your devotion.
You were not hungry.

You visited 3 branches of the dungeon, and saw 10 of its levels.

You collected 1032 gold pieces.
You spent 450 gold pieces at shops.
You paid 121 gold pieces to Gozag.

Inventory:

Hand Weapons
 e - a +4 dagger of electrocution (weapon)
 g - a +0 hunting sling of freezing
 p - a +1 dagger of speed
 s - a +2 vorpal spear
Missiles
 a - 88 sling bullets
Armour
 b - a +0 robe
 n - a +2 cloak
 q - a +0 leather armour
 t - a +0 cloak of poison resistance (worn)
 u - a cursed +0 robe (worn)
 F - a +0 leather armour
Jewellery
 x - an uncursed ring of protection from fire
 E - a +5 ring of slaying (left hand)
 K - a ring of magical power (right hand)
Wands
 c - a wand of flame (31)
 k - a wand of random effects (15)
 D - a wand of disintegration (17)
 G - a wand of acid (8)
 I - a wand of digging (5)
Scrolls
 i - a scroll of blinking
 l - 2 scrolls of identify
 m - 3 scrolls of fear
 w - 2 scrolls of fog
 y - a scroll of immolation
 B - 2 scrolls of teleportation
 H - 2 scrolls of remove curse
 O - 3 scrolls of magic mapping
Potions
 d - a potion of magic {unknown}
 h - 5 potions of curing
 j - a potion of resistance
 o - 2 potions of stabbing
 r - a potion of mutation
 v - a potion of cancellation
 z - a potion of might
 A - a potion of invisibility
 C - a potion of brilliance {unknown}
 J - 2 potions of flight {unknown}
 M - a potion of heal wounds
 P - a potion of haste {unknown}
Comestibles
 f - 10 rations


   Skills:
 - Level 0.7 Fighting
 * Level 8.8 Short Blades
 + Level 4.0(4.3) Slings
 + Level 1.9(2.8) Throwing
 * Level 9.4 Dodging
 + Level 7.9 Stealth
 * Level 7.1 Spellcasting
 * Level 2.8 Conjurations
 + Level 5.4 Translocations
 * Level 2.3 Fire Magic
 * Level 2.3 Air Magic
 * Level 3.1 Poison Magic
 - Level 4.0 Evocations


You had 13 spell levels left.
You knew the following spells:

 Your Spells              Type           Power        Failure   Level  Hunger
a - Apportation           Tloc           ###...       1%          1    None
b - Blink                 Tloc           N/A          1%          2    None
c - Mephitic Cloud        Conj/Pois/Air  ##......     12%         3    ##.....
d - Magic Dart            Conj           ##..         3%          1    None
f - Conjure Flame         Conj/Fire      ##......     13%         3    ##.....

Your spell library contained the following spells:

 Spells                   Type           Power        Failure   Level  Hunger
 Gell's Gravitas          Tloc           ###.......   4%          3    ##.....
 Animate Skeleton         Necr           N/A          12%         1    None
 Beastly Appendage        Tmut           #.....       12%         1    None
 Corona                   Hex            #......      12%         1    None
 Summon Small Mammal      Summ           #...         12%         1    None
 Call Imp                 Summ           #.......     19%         2    None
 Slow                     Hex            #.......     19%         2    None
 Sticks to Snakes         Tmut           #.......     19%         2    None
 Spider Form              Tmut/Pois      ##........   19%         3    ##.....
 Confusing Touch          Hex            #.......     36%         3    ##.....
 Ice Form                 Ice/Tmut       #.......     77%         4    ####...
 Petrify                  Tmut/Erth      #.......     77%         4    ####...
 Blade Hands              Tmut           #.........   98%         5    #####..
 Metabolic Englaciation   Hex/Ice        #.........   98%         5    #####..
 Yara's Violent Unravell  Hex/Tmut       #.........   98%         5    #####..


Dungeon Overview and Level Annotations

Branches:
Dungeon (8/15)             Temple (1/1) D:5            Lair (1/6) D:8

Altars:
Ashenzari
Cheibriados
Dithmenos
Elyvilon
Fedhas
Gozag
Hepliaklqana
Kikubaaqudgha
Makhleb
Nemelex Xobeh
Okawaru
Qazlal
Ru
Sif Muna
Trog
Uskayaw
Vehumet
Wu Jian
Xom
Yredelemnul
Zin
The Shining One

Shops:
D:4 :   D:5 ?   D:6 :[


Innate Abilities, Weirdness & Mutations

You are very small and have problems with some larger weapons.
You are too small for most types of armour.
You have supernaturally acute eyesight. (SInv)
You are a herbivore.
You cover ground extremely quickly.
You need to consume almost no food.


Message History

Confirm with . or Enter, or press ? or * to list all spells.
Aiming: Mephitic Cloud (safe; 12% risk of failure)
Press: ? - help, Shift-Dir - straight line, f/p - komodo dragon
Aim: a komodo dragon You miscast Mephitic Cloud.
You are very lightly contaminated with residual magic.
You feel odd.
You hit the komodo dragon but do no damage.
You barely miss the komodo dragon.
The komodo dragon is engulfed in blazing flames.
The komodo dragon completely misses you.
You barely miss the komodo dragon.
The komodo dragon is moderately wounded.
You closely miss the komodo dragon.
The komodo dragon is moderately wounded.
The komodo dragon is engulfed in blazing flames.
The komodo dragon bites you!!
Ouch! That really hurt!
You die...
Your body crumbles into a pile of gold.

#P........................#
##.#####..................##
#. #..........)........# #.
#...######..####.#.##
#................#.## ##
#...#.##..P......#..# ..#
#...#.#####........#. #.#
#.....# #......#....
#.#####...#@# #......#....
#.........#l# #...<..#....
#.........#l### #......#....
##.........#.#.###......#...#
#..........#............#.###
#..........#............#.#
##.........##.#.#..######
#...................
#....####..#.##.....


You could see 2 komodo dragons.

Vanquished Creatures
  A black mamba (Lair:1)
  A spiny frog (Lair:1)
  A rime drake (Lair:1)
  A komodo dragon (Lair:1)
  A hippogriff (D:8)
  Prince Ribbit (D:6)
  Grinder (D:6)
  Eustachio (D:6)
  5 yaks (Lair:1)
  A porcupine (Lair:1)
  2 ogres
  5 orc warriors
  2 ice beasts
  2 centaurs (D:6)
  Blork the orc (D:4)
  5 bullfrogs
  2 water moccasin skeletons
  5 scorpions
  4 wights
  3 crimson imps
  A centaur zombie (D:6)
  3 jellies
  A gnoll shaman (D:8)
  6 hounds
  3 orc priests
  A bullfrog skeleton (D:8)
  2 iguanas (D:4)
  2 orc wizards (D:6)
  6 worker ants
  A killer bee zombie (D:7)
  A hound zombie (D:8)
  Robin (D:2)
  5 gnolls (D:8)
  14 adders
  A shadow imp (D:7)
  2 adder skeletons (D:4)
  3 worms
  A dart slug (D:2)
  4 leopard geckos
  15 orcs
  5 giant cockroaches
  12 hobgoblins
  2 jackals (D:2)
  4 quokkas
  10 bats
  10 frilled lizards
  18 goblins
  8 kobolds
  A quokka skeleton (D:5)
  7 rats
195 creatures vanquished.

Notes
Turn   | Place    | Note
-------+----------+-------------------------------------------
     0 | D:1      | Esekla the Spriggan Artificer began the quest for the Orb.
     0 | D:1      | Reached XP level 1. HP: 9/9 MP: 4/4
   357 | D:2      | Reached XP level 2. HP: 14/14 MP: 6/6
   389 | D:2      | Reached skill level 1 in Spellcasting
   456 | D:2      | Reached XP level 3. HP: 13/17 MP: 7/7
   465 | D:2      | Reached skill level 4 in Dodging
   536 | D:2      | Found an iron altar of Okawaru.
   741 | D:2      | Reached XP level 4. HP: 13/21 MP: 8/8
   759 | D:3      | Noticed Robin
  1032 | D:2      | Found an opulent altar of Gozag.
  1035 | D:2      | Found a glowing silver altar of Zin.
  1323 | D:2      | Killed Robin
  2166 | D:3      | Reached XP level 5. HP: 22/25 MP: 9/9
  2478 | D:3      | Reached skill level 5 in Dodging
  2976 | D:4      | Found a hazy altar of Hepliaklqana.
  2976 | D:4      | Noticed an ice beast
  3011 | D:4      | Killed an ice beast
  3011 | D:4      | Reached XP level 6. HP: 17/29 MP: 10/10
  3343 | D:5      | Entered Level 5 of the Dungeon
  3367 | D:5      | Found Fisch's Magic Scroll Shop.
  3369 | D:5      | Reached skill level 6 in Dodging
  3380 | D:5      | Bought a scroll of teleportation for 42 gold pieces
  3380 | D:5      | Bought a scroll of identify for 28 gold pieces
  3380 | D:5      | Bought a scroll of remove curse for 42 gold pieces
  3380 | D:5      | Bought a scroll of identify for 28 gold pieces
  3387 | D:5      | Reached skill level 5 in Short Blades
  3433 | D:5      | Reached XP level 7. HP: 32/32 MP: 13/13
  3595 | D:5      | Found a staircase to the Ecumenical Temple.
  3680 | Temple   | Entered the Ecumenical Temple
  4069 | D:5      | Found a shimmering blue altar of Sif Muna.
  4071 | D:5      | Found a sparkling altar of Nemelex Xobeh.
  4131 | D:5      | Reached skill level 5 in Stealth
  4525 | D:4      | Found Muruilall's Book Emporium.
  4526 | D:4      | Noticed Blork the orc
  4688 | D:4      | Killed Blork the orc
  4844 | D:2      | Became a worshipper of Gozag Ym Sagoz the Greedy
  5033 | D:6      | Noticed Grinder
  5064 | D:6      | Reached skill level 7 in Dodging
  5082 | D:6      | Noticed Prince Ribbit
  5180 | D:5      | Learned a level 1 spell: Apportation
  5294 | D:5      | Reached XP level 8. HP: 37/37 MP: 15/15
  5609 | D:5      | Reached skill level 1 in Translocations
  5896 | D:5      | Reached skill level 1 in Throwing
  6107 | D:6      | Reached skill level 1 in Slings
  6179 | D:6      | Found Pafuamur's Antique Armour Shop.
  6536 | D:7      | Found a shadowy altar of Dithmenos.
  6550 | D:7      | Reached skill level 5 in Spellcasting
  6846 | D:8      | Found a staircase to the Lair.
  6913 | D:8      | Noticed a hippogriff
  6916 | D:8      | Killed a hippogriff
  6916 | D:8      | Reached skill level 8 in Dodging
  7084 | D:8      | Reached XP level 9. HP: 40/40 MP: 18/18
  7230 | D:8      | Found a white marble altar of Elyvilon.
  7329 | D:8      | Found a stormy altar of Qazlal.
  7754 | D:4      | Bought a book of Minor Magic for 240 gold pieces
  7757 | D:4      | Learned a level 2 spell: Blink
  7761 | D:4      | Learned a level 3 spell: Mephitic Cloud
  7763 | D:4      | Learned a level 1 spell: Magic Dart
  7767 | D:4      | Learned a level 3 spell: Conjure Flame
  8045 | D:6      | Noticed Eustachio
  8160 | D:6      | Killed Eustachio
  8602 | D:5      | Reached skill level 1 in Conjurations
  8741 | D:6      | Reached skill level 1 in Poison Magic
  8804 | D:6      | Reached skill level 1 in Air Magic
  8856 | D:6      | Found Ugrafrui's Book Shop.
  8900 | D:6      | Killed Grinder
  8925 | D:6      | Reached skill level 1 in Fire Magic
  9018 | D:6      | Killed Prince Ribbit
  9018 | D:6      | Reached skill level 5 in Translocations
  9038 | D:6      | Bought a runed robe for 70 gold pieces
  9197 | D:6      | Reached skill level 9 in Dodging
  9891 | Lair:1   | Entered Level 1 of the Lair of Beasts
  9918 | Lair:1   | Reached XP level 10. HP: 29/44 MP: 20/20
  9919 | Lair:1   | Noticed a black mamba
  9929 | Lair:1   | Killed a black mamba
 10056 | Lair:1   | Noticed a spiny frog
 10088 | Lair:1   | Killed a spiny frog
 10096 | Lair:1   | Slain by a komodo dragon

Levels and vault maps discovered:
D:1:      onia_arrival_pentagram, layout_basic, chequers_serial_rivers_room_a
D:2:      layout_rooms, grunt_temple_overflow_gold_and_silver,
          lemuel_coloured_pillars_altar, serial_park_tiny_2
D:3:      layout_loops_corners, minmay_misc_feat_columns, uniq_robin
D:4:      layout_cave_pools, lemuel_crystal_altar, serial_shops, shop_coins,
          first_ration, uniq_blork_the_orc
D:5:      layout_cave_pools, minitemple, minmay_temple_entry_offerings,
          serial_shops, nicolae_shop_crystal
D:6:      layout_basic, serial_shops, shop, shop, sword_in_stone,
          uniq_prince_ribbit1, uniq_grinder
D:7:      layout_basic, nicolae_dithmenos_through_a_glass_darkly
D:8:      layout_gridville, nicolae_qazlal_style_of_elements, elyvilon_altar_4,
          lair_entry_dummy
Temple:   oiseaux_autumnal_temple
Lair:1:   layout_chaotic_city, basic_altar, beast_lair_carwin_6

Skill      XL: |  1  2  3  4  5  6  7  8  9 10 |
---------------+-------------------------------+-----
Short Blades   | 2 3 4 5 6 7 8 |  8.8
Stealth        | 2 3 4 6 7 |  7.9
Spellcasting   | 1 2 3 4 5 6 7 |  7.1
Dodging        | 4 5 6 7 8 9 |  9.4
Translocations | 3 5 |  5.4
Throwing       | 1 |  1.9
Slings         | 3 4 |  4.0
Conjurations   | 2 |  2.8
Poison Magic   | 2 3 |  3.1
Air Magic      | 1 2 |  2.3
Fire Magic     | 1 2 |  2.3
Fighting       | |  0.7
Evocations     | |  4.0

Action                   |  1- 3 |  4- 6 |  7- 9 | 10-12 || total
-------------------------+-------+-------+-------+-------++-------
Melee: Short sword       |    21 |       |       |       ||    21
       Dagger            |    83 |   213 |   296 |    29 ||   621
       Spear             |       |       |    18 |       ||    18
 Fire: Hunting sling     |       |       |    29 |       ||    29
Throw: Dart              |       |     1 |    30 |       ||    31
 Cast: Apportation       |       |       |     6 |       ||     6
       Magic Dart        |       |       |    42 |    12 ||    54
       Conjure Flame     |       |       |     7 |     3 ||    10
       Mephitic Cloud    |       |       |     4 |     3 ||     7
Evoke: Wand              |       |       |     2 |       ||     2
  Use: Scroll            |       |     7 |    12 |       ||    19
 Stab: Sleeping          |     4 |     7 |    17 |       ||    28
       Distracted        |       |     1 |     3 |       ||     4
       Confused          |       |       |     5 |     2 ||     7
  Eat: Ration            |       |       |     4 |       ||     4
Armor: Robe              |     9 |     8 |     8 |       ||    25
Dodge: Dodged            |    83 |   119 |   197 |     8 ||   407

Table legend:
 A = Non-vault XP
 B = Vault XP
 C = Vault XP percentage of total XP
 D = Non-vault monster count
 E = Vault monster count
 F = Vault count percentage of total count
                 A         B        C        D         E       F
            +---------+---------+-------+---------+---------+-------
      Total |    5605 |    2317 |  29.2 |     170 |      25 |  12.8
            +---------+---------+-------+---------+---------+-------
        D:1 |      18 |       0 |   0.0 |      15 |       0 |   0.0
        D:2 |     119 |      17 |  12.5 |      34 |       2 |   5.6
        D:3 |     120 |      22 |  15.5 |      25 |      11 |  30.6
        D:4 |     279 |      94 |  25.2 |      12 |       1 |   7.7
        D:5 |     683 |     450 |  39.7 |      19 |       4 |  17.4
        D:6 |    1172 |     861 |  42.4 |      30 |       4 |  11.8
        D:7 |     589 |       0 |   0.0 |      13 |       0 |   0.0
        D:8 |     690 |       0 |   0.0 |      13 |       0 |   0.0
     Lair:1 |    1935 |     873 |  31.1 |       9 |       3 |  25.0
            +---------+---------+-------+---------+---------+-------
